Map: Simulacrum LE

Players

Patience

  • Race: Protoss Protoss
  • League: Master
  • Spawn Location: 11:00

DRG - Winner!

  • Race: Zerg Zerg
  • League: Master
  • Spawn Location: 5:00

VOD

Have the link to the VOD?

Description

Time

  • Played on: Jan. 8, 2020, 6:14 a.m.
  • Length: 17:42
Show
View Real Time Build Order
Export as new Build Order

Patience Protoss 

Build Orders: Phoenix Opening, Archon Immortal 

Get SALT Encoding   

  12  0:00  Probe  
  13  0:12  Probe  
  14  0:23  Pylon  
  14  0:25  Probe (Chrono Boost)  
  15  0:42  Probe (Chrono Boost), Forge  
  16  0:48  Probe  
  17  1:00  Probe  
  18  1:08  Gateway  
  18  1:13  Probe  
  18  1:15  Pylon  
  19  1:20  Assimilator  
  19  1:25  Probe  
  20  1:37  Probe  
  21  1:40  Photon Cannon  
  21  1:52  Probe  
  22  1:58  Photon Cannon  
  22  1:59  Cybernetics Core  
  22  2:04  Probe  
  23  2:13  Photon Cannon  
  23  2:16  Probe  
  24  2:29  Probe  
  25  2:33  Stalker (Chrono Boost)  
  25  2:36  Warp Gate  
  27  2:46  Nexus  
  27  2:53  Assimilator  
  27  2:54  Probe  
  28  3:02  Sentry  
  30  3:06  Probe, Pylon  
  31  3:24  Probe (Chrono Boost)  
  32  3:30  Twilight Council  
  32  3:35  Phoenix  
  32  3:36  Probe (Chrono Boost)  
  32  3:40  Pylon  
  33  3:43  Shield Battery  
  33  3:57  Robotics Facility  
  33  3:58  Probe  
  33  4:02  Probe  
  35  4:10  Probe  
  35  4:14  Probe  
  37  4:18  Dark Shrine  
  37  4:22  Probe  
  38  4:24  Gateway  
  38  4:26  Probe, Gateway  
  38  4:31  Gateway  
  39  4:34  Probe  
  39  4:37  Adept  
  42  4:41  Probe  
  43  4:46  Warp Prism (Chrono Boost)  
  43  4:51  Probe  
  46  4:54  Assimilator  
  46  4:56  Assimilator  
  46  4:59  Probe  
  47  5:03  Probe  
  47  5:04  Adept  
  48  5:11  Probe  
  49  5:16  Pylon  
  49  5:17  Warp Prism (Chrono Boost)  
  49  5:21  Probe  
  52  5:23  Probe  
  53  5:39  Dark Templar x3  
  53  5:40  Dark Templar  
  61  5:44  Probe  
  62  5:59  Probe  
  61  6:07  Pylon  
  61  6:08  Pylon  
  61  6:09  Nexus  
  61  6:14  Pylon  
  61  6:18  Forge  
  61  6:22  Archon  
  61  6:25  Dark Templar  
  61  6:26  Dark Templar  
  61  6:28  Observer (Chrono Boost)  
  61  6:30  Archon  
  66  6:33  Probe x2  
  66  6:36  Sentry x2  
  72  6:42  Shield Battery  
  72  6:43  Immortal (Chrono Boost)  
  72  6:46  Pylon  
  76  6:53  Probe  
  76  6:54  Protoss Ground Weapons Level 1 (Chrono Boost)  
  77  6:58  Probe  
  78  7:05  Probe (Chrono Boost)  
  79  7:14  Probe (Chrono Boost)  
  79  7:15  Immortal (Chrono Boost)  
  84  7:18  Probe (Chrono Boost)  
  86  7:25  Probe x2 (Chrono Boost)  
  85  7:32  Probe  
  85  7:34  Probe  
  87  7:42  Probe  
  88  7:44  Probe  
  88  7:47  Stalker x2  
  88  7:51  Probe, Immortal (Chrono Boost)  
  94  7:53  Pylon  
  94  7:54  Probe  
  99  7:58  Pylon, Stargate  
  99  8:01  Probe  
  100  8:10  Pylon  
  100  8:12  Stalker  
  100  8:13  Stalker x3  
  100  8:15  Blink (Chrono Boost)  
  100  8:16  Photon Cannon  
  108  8:20  Photon Cannon  
  106  8:38  Dark Templar x3  
  112  8:44  Phoenix (Chrono Boost)  
  112  8:47  Probe x2, Archon x2  
  113  8:49  Probe  
  111  9:00  Immortal (Chrono Boost)  
  111  9:01  Photon Cannon  
  111  9:09  Phoenix (Chrono Boost)  
  115  9:12  Sentry  
  115  9:15  Shield Battery  
  115  9:17  Shield Battery  
  119  9:18  Gateway, Shield Battery  
  119  9:20  Gateway, Zealot x2  
  119  9:22  Gateway  
  123  9:24  Sentry, Shield Battery  
  123  9:25  Shield Battery  
  123  9:29  Assimilator  
  123  9:30  Assimilator  
  125  9:33  Shield Battery x2  
  125  9:34  Shield Battery  
  125  9:40  Phoenix (Chrono Boost)  
  122  9:46  Observer  
  122  9:50  Protoss Ground Weapons Level 2 (Chrono Boost)  
  122  9:58  Pylon  
  122  9:59  Pylon  
  122  10:01  Robotics Bay  
  122  10:10  Zealot  
  122  10:13  Charge (Chrono Boost)  
  124  10:14  Pylon  
  124  10:16  Pylon  
  124  10:18  Pylon  
  124  10:19  Pylon  
  124  10:20  Zealot x3  
  130  10:28  Robotics Facility  
  130  10:31  Immortal (Chrono Boost)  
  127  10:43  Sentry x2  
  127  10:44  Sentry x2  
  127  10:45  Zealot x3  
  139  10:58  Nexus  
  138  11:15  Disruptor (Chrono Boost)  
  138  11:16  Observer  
  138  11:17  Nexus  
  141  11:25  Observer  
  141  11:28  Dark Templar  
  143  11:41  Colossus (Chrono Boost)  
  143  11:42  Extended Thermal Lance  
  148  11:55  Pylon  
  148  11:58  Pylon  
  148  12:03  Protoss Ground Armor Level 1 (Chrono Boost)  
  146  12:18  Protoss Ground Weapons Level 3 (Chrono Boost)  
  146  12:28  Colossus (Chrono Boost), Nexus  
  151  12:40  Probe x2  
  151  12:41  Probe  
  151  13:01  Templar Archives  
  151  13:12  Colossus (Chrono Boost)  
  153  13:23  Stalker x4  
  153  13:24  Stalker x3  
  159  13:55  Colossus (Chrono Boost)  
  159  13:59  Nexus  
  165  14:05  Zealot  
  167  14:11  Probe x3  
  168  14:27  Pylon  
  168  14:36  High Templar x2  
  168  14:37  High Templar x3  
  168  14:38  Protoss Shields Level 1 (Chrono Boost), High Templar x2  
  180  14:40  Pylon  
  180  14:42  Archon x3  
  180  14:55  Probe  
  180  14:56  Probe x2, Warp Prism (Chrono Boost)  
  183  15:08  Probe  
  183  15:09  Stalker x2  
  183  15:11  Stalker x5  
  173  15:48  Stalker x7  
  145  16:11  High Templar x4  
  147  16:12  High Templar, Stalker  
  147  16:14  Zealot  
  147  16:16  Archon x2  
  147  16:17  Archon  
  159  16:32  Pylon  
  159  16:34  Nexus, Observer (Chrono Boost)  
  156  16:52  Stalker x6  
  156  16:53  Stalker  
  110  16:58  Warp Prism (Chrono Boost)  
  94  17:18  Zealot x7  
Show
View Real Time Build Order
Export as new Build Order

DRG Zerg - Winner!

Build Orders: Hatch First, Brood Lord Corruptor, Muta Ling Bane 

Get SALT Encoding   

  12  0:00  Drone  
  13  0:12  Overlord  
  13  0:17  Drone  
  14  0:30  Drone  
  14  0:31  Drone  
  16  0:49  Hatchery  
  15  0:52  Drone  
  15  0:55  Drone  
  17  0:58  Drone  
  18  1:08  Extractor  
  17  1:13  Spawning Pool  
  17  1:16  Drone  
  17  1:19  Drone  
  18  1:28  Drone  
  19  1:38  Drone  
  20  1:48  Hatchery  
  20  1:50  Drone  
  20  2:01  Drone x2  
  20  2:06  Queen  
  24  2:14  Zergling x2  
  25  2:24  Metabolic Boost  
  25  2:26  Zergling x2  
  25  2:29  Zergling x2  
  27  2:31  Zergling x2  
  28  2:37  Overlord  
  28  2:56  Zergling x2  
  28  2:57  Zergling x2  
  30  3:00  Zergling x4  
  30  3:02  Queen  
  34  3:06  Zergling x2  
  34  3:08  Drone  
  34  3:11  Overlord  
  35  3:22  Drone  
  35  3:26  Drone  
  35  3:28  Overlord  
  35  3:30  Drone  
  35  3:31  Drone x2  
  38  3:49  Drone  
  38  3:50  Hatchery, Drone  
  38  3:55  Queen  
  41  3:59  Drone  
  41  4:00  Drone  
  43  4:04  Overlord  
  43  4:08  Drone  
  44  4:11  Overlord  
  44  4:17  Overlord  
  44  4:21  Spore Crawler  
  44  4:22  Spore Crawler  
  44  4:23  Drone  
  43  4:24  Drone  
  43  4:26  Drone  
  43  4:30  Drone x2  
  47  4:33  Drone  
  47  4:35  Drone x2  
  50  4:38  Drone  
  50  4:40  Drone  
  50  4:45  Queen  
  53  4:54  Drone x3  
  55  5:02  Drone x5  
  60  5:08  Roach Warren  
  60  5:11  Drone  
  60  5:12  Extractor  
  59  5:15  Extractor  
  59  5:16  Drone x5  
  59  5:20  Lair  
  63  5:26  Queen  
  65  5:29  Spore Crawler  
  65  5:31  Zergling x8  
  68  5:36  Drone  
  68  5:37  Drone x2  
  68  5:38  Extractor, Drone  
  68  5:42  Drone x3  
  73  5:49  Overlord  
  71  6:01  Drone x3  
  71  6:02  Overlord  
  71  6:03  Overlord  
  74  6:06  Extractor, Overlord  
  74  6:07  Extractor  
  74  6:09  Drone  
  74  6:10  Drone x4  
  77  6:17  Roach x2  
  81  6:20  Overlord  
  81  6:21  Glial Reconstitution  
  81  6:26  Roach x2  
  81  6:27  Spire  
  81  6:28  Roach  
  81  6:29  Overseer  
  86  6:36  Drone x5  
  86  6:37  Drone x2, Evolution Chamber  
  92  6:40  Roach x3  
  92  6:45  Overlord  
  98  6:50  Overlord  
  98  6:55  Drone x2  
  98  7:00  Roach x2  
  104  7:06  Overlord  
  104  7:09  Zerg Missile Weapons Level 1  
  104  7:12  Hatchery  
  104  7:15  Drone x3  
  105  7:16  Overlord  
  105  7:17  Overseer  
  103  7:32  Overlord  
  103  7:36  Overlord  
  103  7:38  Overlord  
  103  7:39  Mutalisk x3  
  103  7:40  Mutalisk x6  
  103  7:44  Roach x3  
  127  7:52  Roach  
  127  7:53  Roach x2  
  133  8:02  Roach x2  
  136  8:08  Roach  
  138  8:13  Baneling Nest  
  138  8:15  Overlord  
  138  8:19  Drone  
  141  8:20  Drone x3  
  141  8:24  Drone x3, Queen  
  146  8:30  Overlord  
  146  8:33  Roach  
  148  8:36  Roach  
  148  8:37  Roach x4  
  158  8:44  Roach  
  158  8:45  Roach x3  
  166  8:50  Overlord x2  
  168  8:55  Roach  
  168  8:56  Roach x3  
  168  8:57  Centrifical Hooks  
  168  9:00  Extractor  
  171  9:03  Zergling x8  
  171  9:06  Overlord x3  
  171  9:09  Overlord x2  
  175  9:11  Zergling x10  
  175  9:13  Zerg Melee Weapons Level 1  
  180  9:21  Drone  
  180  9:22  Drone x2  
  180  9:23  Drone  
  184  9:24  Zergling x4, Spore Crawler  
  184  9:29  Ravager x4  
  184  9:30  Ravager x6  
  195  9:36  Zergling x8  
  199  9:40  Hatchery  
  199  9:42  Zergling x2  
  199  9:45  Overlord  
  197  9:52  Overlord  
  195  9:57  Baneling x22  
  195  9:58  Baneling x3  
  195  9:59  Infestation Pit  
  194  10:03  Zergling x2  
  194  10:04  Zergling x8  
  199  10:38  Zergling x2  
  199  10:40  Hive  
  192  10:55  Zergling x18  
  195  10:58  Drone x3  
  195  11:01  Extractor  
  191  11:11  Zergling x30  
  181  11:12  Roach x3  
  181  11:13  Roach x3  
  181  11:16  Zerg Melee Weapons Level 2  
  199  11:22  Baneling x22  
  199  11:23  Overseer  
  199  11:30  Zergling x2  
  200  11:54  Spine Crawler x2  
  198  11:55  Adrenal Glands, Greater Spire  
  198  12:01  Drone x2  
  199  12:03  Spine Crawler  
  194  12:13  Spine Crawler  
  193  12:16  Corruptor x3  
  199  12:27  Extractor  
  199  12:28  Extractor  
  197  12:34  Corruptor x2  
  199  12:37  Spore Crawler  
  199  12:38  Spore Crawler  
  191  12:46  Corruptor x3  
  195  13:07  Overseer  
  193  13:23  Corruptor x3  
  184  13:35  Brood Lord x2  
  184  13:36  Brood Lord x5  
  184  13:38  Zerg Melee Weapons Level 3  
  195  13:43  Brood Lord  
  197  13:48  Drone  
  197  13:49  Spine Crawler x4, Drone x2  
  197  13:50  Spine Crawler  
  197  13:53  Brood Lord x2  
  199  13:59  Spore Crawler x2, Hatchery  
  199  14:00  Brood Lord  
  198  14:13  Corruptor x3  
  198  14:26  Zerg Flyer Weapons Level 1  
  198  14:37  Zergling x24  
  200  15:00  Baneling  
  198  15:08  Baneling x11  
  198  15:19  Corruptor  
  195  15:28  Pneumatized Carapace  
  168  15:44  Zergling x26  
  153  15:55  Roach x12  
  153  15:56  Roach  
  150  16:04  Corruptor x12  
  139  16:06  Roach x7  
  139  16:08  Zergling x34  
  178  16:13  Baneling x14  
  178  16:14  Baneling x12  
  178  16:15  Zergling x6  
  178  16:17  Ravager x15  
  196  16:20  Zergling x4  
  196  16:22  Zergling x2  
  196  16:25  Zergling x2  
  200  16:27  Baneling x3  
  200  16:34  Baneling x11  
  188  16:50  Zergling x26  
  152  16:55  Roach  
  152  16:59  Roach  
  127  17:01  Roach  
  127  17:02  Roach x3  
  127  17:04  Roach  
  137  17:12  Baneling x9  
  137  17:13  Zergling x4  
  137  17:15  Zergling x6  
  140  17:22  Zergling x2  
  141  17:25  Zergling x6  
Tags
 
Add a new tag
Caveats
  • Supply blocks, unpowered buildings, or Contaminate may cause inaccurate times.
  • Supply counts are checked every 10 seconds.